 Dungeon Crawl Stone Soup version 0.25-a0-614-g73ad250 (webtiles) character file.

Game seed: 17927961788817244903, levelgen mode: deterministic

1754 Faca the Fighter (level 9, -5/75 HPs)
             Began as a Human Fighter on Mar 17, 2020.
             Killed by nerve-wracking pain
             ... invoked by Menkaure
              (14 damage)
             ... on level 6 of the Dungeon.
             The game lasted 00:17:21 (6738 turns).

Faca the Fighter (Human Fighter)                    Turns: 6738, Time: 00:17:22

Health: -5/75      AC: 10    Str: 21    XL:     9   Next: 27%
Magic:  9/9        EV: 20    Int:  8    God:
Gold:   551        SH: 10    Dex: 12    Spells: 8/8 levels left

rFire    + . .     SeeInvis .   a - +0 long sword
rCold    + + .     Gourm    .   c - +1 kite shield
rNeg     . . .     Faith    .   o - +0 chain mail
rPois    .         Spirit   .   (no helmet)
rElec    .         Reflect  .   y - scarf {rC+ rF+}
rCorr    .         Harm     .   j - +0 pair of gloves
MR       .....                  (no boots)
Stlth    ..........             l - amulet of the acrobat
HPRegen  0.22/turn              b - ring of protection from cold
MPRegen  0.11/turn              (no ring)

@: acrobat
A: no striking features
a: no special abilities


You were on level 6 of the Dungeon.
You were hungry.

You visited 1 branch of the dungeon, and saw 6 of its levels.
You also visited: Ossuary.

You collected 564 gold pieces.
You spent 13 gold pieces at shops.

Inventory:

Hand Weapons
 a - a +0 long sword (weapon)
 e - a +1 rapier of speed
 w - the +6 mace "Epiukime" {vorpal, rN+ Int+3 Stlth+}
   (You found it on level 4 of the Dungeon)

   It inflicts extra damage upon your enemies.
   It affects your intelligence (+3).
   It protects you from negative energy.
   It makes you more stealthy.
Armour
 c - a +1 kite shield (worn)
 j - a +0 pair of gloves (worn)
 o - a +0 chain mail (worn)
 y - a scarf of resistance (worn)
Jewellery
 b - a ring of protection from cold (left hand)
 l - an amulet of the acrobat (around neck)
 v - a cursed amulet of inaccuracy {unknown}
Wands
 g - a wand of iceblast (5)
 m - a wand of paralysis (22)
Scrolls
 n - 3 scrolls of teleportation
 p - 4 scrolls of fear
 r - 2 scrolls of blinking
 u - a scroll of remove curse
Potions
 d - a potion of stabbing
 h - a potion of flight
 i - a potion of ambrosia
 k - 5 potions of curing
 q - 2 potions of haste {unknown}
 s - 2 potions of resistance {unknown}
 t - a potion of berserk rage {unknown}
 x - a potion of mutation
Comestibles
 f - 11 rations


   Skills:
 + Level 8.6 Fighting
 + Level 8.2 Long Blades
 - Level 3.0 Armour
 - Level 3.0 Shields


You had 8 spell levels left.
You didn't know any spells.
Your spell library contained the following spells:

 Spells                   Type           Power        Failure   Level  Hunger
 Beastly Appendage        Tmut           #.....       100%        1    ##.....
 Sting                    Tmut/Pois      #...         100%        1    ##.....
 Poisonous Vapours        Pois/Air       #.....       100%        2    ###....
 Sticks to Snakes         Tmut           #.......     100%        2    ###....
 Ignite Poison            Fire/Tmut/Pois #.......     100%        3    ####...
 Mephitic Cloud           Conj/Pois/Air  #.......     100%        3    ####...
 Spider Form              Tmut/Pois      #.........   100%        3    ####...
 Ice Form                 Ice/Tmut       #.......     100%        4    #####..
 Olgreb's Toxic Radiance  Pois           #.......     100%        4    #####..
 Blade Hands              Tmut           #.........   100%        5    ######.


Dungeon Overview and Level Annotations

Branches:
Dungeon (6/15)            Ossuary (visited)
 Temple: D:4-7

Altars:
Fedhas

Shops:
D:4 *

Annotations:
D:6 Menkaure


Message History

Where to? (Enter - D:6 @ (x,y), ? - help) Menkaure is too close now for your liking.
Menkaure casts a spell at you. Pain shoots through your body!
Menkaure calls on the powers of darkness!
Your body is wracked with pain!
You hit Menkaure but do no damage. Menkaure hits you!
* * * LOW HITPOINT WARNING * * *
Your chain mail prevents you from hitting Menkaure.
Menkaure hits you.
* * * LOW HITPOINT WARNING * * *
Okay, then.
Menkaure mumbles some strange words.
Menkaure seems to speed up.
Menkaure calls on the powers of darkness!
Your body is wracked with pain!
* * * LOW HITPOINT WARNING * * *
Menkaure casts a spell at you. Pain shoots through your body!
You die...

#.########.###.##..###..
#.########.# #.###.###..
#..........# #.# #..##..
#..........# #.# ##.##..
#........M.# #.# #.##.)
#.........## #.# #..###
#.........# #.# ##.###
#.........####.# #..##
#......@.....#.# ##.##
#.........##.#.# #.##
#.....<#...#.#.# #..#
######.#.#<#.#.# ##.#
#.#.###.#.#######..
#.#.....#..........
#.################.
#####.........# #.
###..........##.# ##


You could see Menkaure.

Vanquished Creatures
  Maggie (D:6)
  Grinder (D:6)
  A water moccasin (D:5)
  Duvessa (D:6)
  A centaur (D:4)
  A bullfrog (D:6)
  An elf zombie (Ossuary)
  Dowan (D:6)
  A water moccasin skeleton (D:5)
  A howler monkey (D:5)
  3 hounds
  A jelly (D:6)
  2 orc wizards
  An iguana (D:4)
  3 worker ants
  6 big kobold zombies (Ossuary)
  2 mummies (Ossuary)
  6 gnolls
  6 adders
  A howler monkey skeleton (D:5)
  A shadow imp (D:5)
  An ooze (D:1)
  An adder skeleton (D:4)
  5 worms
  4 dart slugs
  4 leopard geckos
  12 orcs
  3 giant cockroaches
  9 goblins
  13 hobgoblins
  8 jackals (D:2)
  2 quokkas
  A ball python (D:4)
  8 bats
  4 frilled lizards
  A giant cockroach zombie (D:5)
  A gnoll zombie (Ossuary)
  2 goblin zombies (Ossuary)
  A hobgoblin zombie (Ossuary)
  11 kobolds
  3 orc zombies (Ossuary)
  6 rats
142 creatures vanquished.

Notes
Turn   | Place    | Note
-------+----------+-------------------------------------------
     0 | D:1      | Faca the Human Fighter began the quest for the Orb.
     0 | D:1      | Reached XP level 1. HP: 18/18 MP: 1/1
   120 | D:1      | Reached XP level 2. HP: 23/24 MP: 2/2
   431 | D:1      | Reached XP level 3. HP: 29/29 MP: 3/3
   953 | D:2      | Reached XP level 4. HP: 31/37 MP: 4/4
  1384 | D:2      | Reached XP level 5. HP: 24/42 MP: 5/5
  2902 | D:4      | Found Bemola's General Store.
  2907 | D:4      | Bought a potion of degeneration for 13 gold pieces
  3009 | D:4      | Reached XP level 6. HP: 50/50 MP: 6/6
  3191 | D:4      | Found a blossoming altar of Fedhas.
  3200 | D:4      | Reached skill level 5 in Fighting
  3302 | D:4      | Reached skill level 5 in Long Blades
  3306 | D:4      | Reached XP level 7. HP: 32/56 MP: 7/7
  3429 | D:4      | Found a sand-covered staircase.
  3435 | Ossuary  | Entered an ossuary
  3889 | D:4      | Got a dazzling mace
  3890 | D:4      | Identified the +6 mace "Epiukime" {vorpal, rN+ Int+3
                  | Stlth+} (You found it on level 4 of the Dungeon)
  4359 | D:5      | Entered Level 5 of the Dungeon
  4463 | D:5      | Noticed a water moccasin
  4490 | D:5      | Killed a water moccasin
  4490 | D:5      | Reached XP level 8. HP: 37/65 MP: 8/8
  5584 | D:6      | Noticed Menkaure
  5614 | D:6      | HP: 3/67 [Menkaure/nerve-wracking pain (9)]
  6115 | D:6      | Noticed Duvessa
  6116 | D:6      | Noticed Dowan
  6140 | D:6      | Killed Duvessa
  6150 | D:6      | Killed Dowan
  6234 | D:6      | Noticed Maggie
  6249 | D:6      | Killed Maggie
  6249 | D:6      | Reached XP level 9. HP: 24/74 MP: 9/9
  6534 | D:6      | Noticed Grinder
  6542 | D:6      | Killed Grinder
  6738 | D:6      | Killed from afar by Menkaure

Levels and vault maps discovered:
D:1:      mrwooster_arrival_statue_3, layout_loops_corners
D:2:      layout_loops_ring, grunt_ministairs_14, st_stairs_9,
          minmay_pentomino_pile
D:3:      layout_basic, moated_statue, minmay_circle_x
D:4:      layout_loops_corners, serial_shops, shop,
          lightli_ossuary_entry_decrepit_ruins, hangedman_decor_slide_cut,
          eino_tiny_chamber, fedhas_bush_and_centaur_altar
D:5:      layout_cave_pools, first_ration, grunt_ministairs_10, chequers_garden,
          sigmund_army
D:6:      layout_basic, uniq_duvessa, uniq_grinder, uniq_maggie, uniq_menkaure

Skill      XL: |  1  2  3  4  5  6  7  8  9 |
---------------+----------------------------+-----
Long Blades    | 3 4 5 6 7 8 |  8.2
Fighting       | 4 5 6 8 |  8.6
Armour         | |  3.0
Shields        | |  3.0

Action                   |  1- 3 |  4- 6 |  7- 9 || total
-------------------------+-------+-------+-------++-------
Melee: Long sword        |    81 |   247 |   310 ||   638
Evoke: Wand              |       |       |     7 ||     7
  Use: Scroll            |     5 |     7 |     7 ||    19
       Potion            |       |       |     3 ||     3
  Eat: Chunk             |       |     6 |     3 ||     9
       Ration            |       |     1 |     2 ||     3
Armor: Scale mail        |    37 |    14 |       ||    51
       Chain mail        |       |    98 |   188 ||   286
Dodge: Dodged            |    22 |    49 |    69 ||   140
Block: Kite shield       |    29 |   126 |   195 ||   350
       Rpst.: Long sword |     9 |    16 |    30 ||    55

Table legend:
 A = Non-vault XP
 B = Vault XP
 C = Vault XP percentage of total XP
 D = Non-vault monster count
 E = Vault monster count
 F = Vault count percentage of total count
                 A         B        C        D         E       F
            +---------+---------+-------+---------+---------+-------
      Total |    1076 |    1431 |  57.1 |     103 |      39 |  27.5
            +---------+---------+-------+---------+---------+-------
        D:1 |      58 |       0 |   0.0 |      27 |       0 |   0.0
        D:2 |     105 |      28 |  21.1 |      30 |      12 |  28.6
        D:3 |      51 |      15 |  22.7 |      13 |       2 |  13.3
        D:4 |     290 |     115 |  28.4 |      14 |       1 |   6.7
        D:5 |     418 |      44 |   9.5 |      15 |       4 |  21.1
        D:6 |     154 |     934 |  85.8 |       4 |       4 |  50.0
    Ossuary |       0 |     295 | 100.0 |       0 |      16 | 100.0
            +---------+---------+-------+---------+---------+-------
